 Dungeon Crawl Stone Soup version 0.19.1-1-g22dce08 (webtiles) character file.

114 theAP the Covered (level 4, -1/29 HPs)
             Began as a Gargoyle Fighter on Jan 3, 2017.
             Slain by Sigmund
             ... wielding a +0 scythe
              (8 damage)
             ... on level 2 of the Dungeon.
             The game lasted 00:02:25 (1271 turns).

theAP the Covered (Gargoyle Fighter)                Turns: 1271, Time: 00:02:26

Health: -1/29      AC: 10    Str: 25    XL:     4   Next: 97%
Magic:  4/4        EV:  7    Int:  9    God:
Gold:   129        SH:  0    Dex: 11    Spells: 0 memorised, 3 levels left

rFire  . . .     SeeInvis .     a - +0 flail
rCold  . . .     Gourm    .     b - +0 scale mail
rNeg   + . .     Faith    .     c - +0 shield
rPois  ∞         Spirit   .     (no helmet)
rElec  +         Reflect  .     (no cloak)
rCorr  +         Harm     .     (no gloves)
MR     .....                    (no boots)
Stlth  ..........               (no amulet)
                                l - +2 ring of dexterity
                                j - ring of resist corrosion

@: confused, mighty
A: negative energy resistance 1, electricity resistance, unbreathing,
petrification resistance, rot immunity, AC +3
a: no special abilities


You were on level 2 of the Dungeon.
You were not hungry.

You visited 1 branch of the dungeon, and saw 2 of its levels.

You collected 129 gold pieces.

Inventory:

Hand Weapons
 a - a +0 flail (weapon)
Armour
 b - a +0 scale mail (worn)
 c - a +0 shield (worn)
Jewellery
 j - a ring of resist corrosion (left hand)
 l - a +2 ring of dexterity (right hand)
Scrolls
 h - 2 scrolls of fog
 m - a scroll of identify
 o - a scroll of blinking {unknown}
Potions
 e - a potion of curing
 i - a potion of mutation {unknown}
 k - a potion of heal wounds {unknown}
Comestibles
 f - 4 bread rations
 g - a royal jelly
 n - 3 chunks of flesh


   Skills:
 + Level 3.8 Fighting
 + Level 3.2 Maces & Flails
 + Level 4.1 Armour
 + Level 0.5 Stealth
 + Level 4.1 Shields


You had 3 spell levels left.
You didn't know any spells.

Dungeon Overview and Level Annotations

Branches:
Dungeon (2/15)

Altars:

Annotations:
D:2 Sigmund


Innate Abilities, Weirdness & Mutations

You are resistant to torment.
Your stone body is resilient. (AC +3)
You are immune to poison.
You resist negative energy. (rN+)
You are resistant to electric shocks. (rElec)
You can survive without breathing.
You are immune to petrification.
You are immune to rotting.


Message History

You miss something. Something hits you.
You miss something. You completely miss something.
You block something's attack.
You miss something. Something hits you.
You sock something! Something hits you but does no damage.
You sock something!
You hear some strange, mumbled words.
A magic dart appears from out of thin air!
The magic dart hits you!
You miss something. Something hits you but does no damage.
You closely miss something.
You hear some strange, mumbled words.
Something tries to affect you, but you resist.
You hear some strange, mumbled words.
You are confused.
You bump into the rock wall.
Something hits you.
* * * LOW HITPOINT WARNING * * *
You bump into the rock wall.
You closely miss something. Something hits you!
You die...

#.#.# #.......
#.#.# #####...
#.#.# ##.# #.#.#
#.. #.#.# ###
#.#.# #
#.#.########## #
#.#..........#####
#@##########......
#{# ####### #.#
#># #.. ###


There were no monsters in sight!

Vanquished Creatures
  Terence (D:2)
  Natasha (D:2)
  3 adders (D:2)
  A worm (D:2)
  3 dart slugs
  A leopard gecko (D:2)
  2 giant cockroaches (D:2)
  4 goblins
  4 hobgoblins
  A quokka (D:2)
  4 bats
  2 kobolds (D:1)
  A rat (D:2)
28 creatures vanquished.

Notes
Turn   | Place    | Note
-------+----------+-------------------------------------------
     0 | D:1      | theAP the Gargoyle Fighter began the quest for the Orb.
     0 | D:1      | Reached XP level 1. HP: 14/14 MP: 1/1
   198 | D:1      | Reached XP level 2. HP: 19/19 MP: 2/2
   831 | D:2      | Reached XP level 3. HP: 17/23 MP: 3/3
   858 | D:2      | Found a faded altar of an unknown god.
  1013 | D:2      | Noticed Natasha
  1015 | D:2      | Killed Natasha
  1015 | D:2      | Reached XP level 4. HP: 26/29 MP: 4/4
  1069 | D:2      | Noticed Terence
  1090 | D:2      | Killed Terence
  1255 | D:2      | Noticed Sigmund
  1271 | D:2      | Slain by Sigmund

Skill      XL: |  1  2  3  4 |
---------------+-------------+-----
Armour         | 4 |  4.1
Maces & Flails | 3 |  3.2
Shields        | 4 |  4.1
Fighting       | |  3.8
Stealth        | |  0.5

Action                   |  1- 3 |  4- 6 || total
-------------------------+-------+-------++-------
Melee: Flail             |    56 |    69 ||   125
  Use: Potion            |     2 |     1 ||     3
       Scroll            |     1 |       ||     1
  Eat: Chunk             |       |     1 ||     1
Armor: Scale mail        |    32 |    27 ||    59
Dodge: Dodged            |    12 |    14 ||    26
Block: Shield            |    20 |    26 ||    46
